 Dungeon Crawl Stone Soup version 0.26-a0-663-g36e8fdb655 (webtiles) character file.

Game seed: 16458588470130832554

3357 halkony2012 the Frost Mage (level 9, -4/62 HPs)
             Began as a Grey Draconian Ice Elementalist on Oct 11, 2020.
             Was a Follower of Nemelex Xobeh.
             Killed from afar by an electric eel (5 damage)
             ... with a bolt of electricity
             ... on level 8 of the Dungeon on Oct 12, 2020.
             The game lasted 00:24:05 (7389 turns).

halkony2012 the Frost Mage (DrIE)                   Turns: 7389, Time: 00:24:06

Health: -4/62      AC: 13    Str: 15    XL:     9   Next: 73%
Magic:  28/28      EV: 12    Int: 18    God:    Nemelex Xobeh [*.....]
Gold:   461        SH:  5    Dex: 15    Spells: 17/21 levels left

rFire    x . .     SeeInvis .   c - +8 hand axe "Fuirch" {venom, +Blink Str+3 Dex+4}
rCold    + . .     Faith    .   l - +0 buckler
rNeg     . . .     Spirit   .   (armour unavailable)
rPois    .         Reflect  .   (helmet restricted)
rElec    .         Harm     .   j - +0 cloak
rCorr    .         Rampage  .   (no gloves)
MR       .....                  (no boots)
Stlth    ++........             (no amulet)
HPRegen  0.20/turn              f - ring of magical power
MPRegen  0.21/turn              g - ring of ice

@: about to teleport
A: walk through water, unfitting armour, unbreathing, cold-blooded, AC +12
a: Draw Escape, Draw Destruction, Draw Summoning, Renounce Religion, Evoke Blink


You were on level 8 of the Dungeon.
You worshipped Nemelex Xobeh.
Nemelex Xobeh was aware of your devotion.
You visited 1 branch of the dungeon, and saw 8 of its levels.

You collected 461 gold pieces.

Inventory:

Hand Weapons
 c - the +8 hand axe "Fuirch" (weapon) {venom, +Blink Str+3 Dex+4}
   (You found it on level 4 of the Dungeon)

   It poisons the flesh of those it strikes.
   It affects your strength (+3).
   It affects your dexterity (+4).
   It lets you blink.
Missiles
 w - 2 throwing nets (quivered)
Armour
 j - a +0 cloak (worn)
 l - a +0 buckler (worn)
Jewellery
 f - a ring of magical power (left hand)
 g - a ring of ice (right hand)
 u - an uncursed ring of magical power
Wands
 r - a wand of acid (3)
 v - a wand of flame (39)
 y - a wand of polymorph (11)
Scrolls
 a - 8 scrolls of identify
 e - 4 scrolls of teleportation
 h - 4 scrolls of remove curse
 i - a scroll of magic mapping
 p - a scroll of enchant weapon {unknown}
 x - a scroll of immolation {unknown}
 B - 2 scrolls of enchant armour {unknown}
Potions
 b - 3 potions of lignification
 d - 3 potions of curing
 k - 2 potions of resistance
 m - a potion of invisibility
 n - 2 potions of haste
 o - a potion of brilliance
 q - 2 potions of mutation {unknown}
 s - 2 potions of might {unknown}
 t - 2 potions of stabbing {unknown}
 z - a potion of degeneration {unknown}
 A - 3 potions of heal wounds {unknown}
 C - a potion of cancellation {unknown}


   Skills:
 - Level 1.8 Dodging
 - Level 1.8 Stealth
 - Level 4.0 Shields
 + Level 6.7 Spellcasting
 * Level 10.3 Ice Magic
 + Level 5.7 Evocations


You had 17 spell levels left.
You knew the following spells:

 Your Spells              Type           Power        Failure   Level
a - Freeze                Ice            ####         1%          1
b - Frozen Ramparts       Ice            ######       1%          3

Your spell library contained the following spells:

 Spells                   Type           Power        Failure   Level
 Ozocubu's Armour         Ice            ######..     1%          3
 Hailstorm                Conj/Ice       #####...     14%         4
 Summon Ice Beast         Ice/Summ       #####...     14%         4


Dungeon Overview and Level Annotations

Branches:
Dungeon (8/15)             Temple (0/1) D:7
   Lair: D:8-11

Altars:
Ashenzari
Cheibriados
Dithmenos
Kikubaaqudgha
Makhleb
Nemelex Xobeh
Ru
Trog
Vehumet
The Shining One

Annotations:
D:4 2 runed translucent doors, Wiggles's ghost, amateur MiBe


Innate Abilities, Weirdness & Mutations

You can walk through water.
Your dull iron-grey scales are very hard. (AC +12)
You cannot fit into any form of body armour.
You can survive without breathing.
You are cold-blooded and may be slowed by cold attacks.


Message History

The electric eel shoots out a bolt of lightning at you!
The bolt of electricity misses you. The bolt of electricity hits you!
The electric eel shoots out a bolt of lightning at you!
The bolt of electricity hits the electric eel.
The electric eel completely resists.
The bolt of electricity hits you!
The electric eel shoots out a bolt of lightning at you!
The bolt of electricity misses you. The bolt of electricity hits you!
The electric eel shoots out a bolt of lightning at you!
The bolt of electricity hits you!
* * * LOW HITPOINT WARNING * * *
As you read the scroll of teleportation, it crumbles to dust.
You feel strangely unstable.
The electric eel shoots out a bolt of lightning at you!
The bolt of electricity hits you!
* * * LOW HITPOINT WARNING * * *
The electric eel shoots out a bolt of lightning at you!
The bolt of electricity hits the electric eel.
The electric eel completely resists.
The bolt of electricity hits you.
You die...
Your body glows slightly and disappears.

.......≈.≈≈....
#.......≈≈≈≈≈...
#.#.....≈(.;≈≈..
##.......;...>≈..
.$......≈≈≈.(≈≈..
##........≈l≈≈...
..........;≈≈.≈...
#...W..........
#......@.......
...##...........
##.........####
#.#######.##.## #...#
#.#.#.## #
###.#####..###.## #
#######.......#####.####
.#
.........###.###........
#.# #######.##
##.##.##.####


You could see a basilisk, a wraith and 3 electric eels.

Vanquished Creatures
  A two-headed ogre (D:8)
  A hornet (D:7)
  A water moccasin (D:8)
  3 orc warriors
  A hornet zombie (D:8)
  A phantom (D:6)
  A sky beast (D:6)
  2 ogres (D:7)
  5 centaurs
  2 big kobolds (D:7)
  4 bullfrogs (D:8)
  2 bullfrog zombies
  A centaur zombie (D:7)
  3 orc priests (D:7)
  Crazy Yiuf (D:7)
  4 hounds
  A jelly (D:8)
  3 orc wizards
  2 iguanas
  4 worker ants
  2 worker ant zombies (D:7)
  7 gnolls
  9 adders
  A shadow imp (D:7)
  A white imp (D:7)
  2 oozes
  3 adder skeletons
  2 worms
  2 dart slugs (D:1)
  2 leopard geckos
  15 orcs
  A ball python (D:2)
  9 giant cockroaches
  5 goblins
  12 hobgoblins
  6 jackals
  2 quokkas
  12 bats
  3 frilled lizards
  4 goblin skeletons (D:7)
  A goblin zombie (D:7)
  4 hobgoblin zombies (D:7)
  3 jackal zombies
  14 kobolds
  2 orc zombies (D:7)
  A quokka skeleton (D:4)
  23 rats
191 creatures vanquished.

Notes
Turn   | Place    | Note
-------+----------+-------------------------------------------
     0 | D:1      | halkony2012 the Draconian Ice Elementalist began the quest
                  | for the Orb.
     0 | D:1      | Reached XP level 1. HP: 14/14 MP: 3/3
    88 | D:1      | Reached XP level 2. HP: 20/20 MP: 0/5
   709 | D:1      | Reached XP level 3. HP: 26/26 MP: 4/6
   958 | D:2      | Learned a level 3 spell: Frozen Ramparts
  1097 | D:2      | Reached skill level 5 in Ice Magic
  1097 | D:2      | Reached XP level 4. HP: 33/33 MP: 8/8
  1931 | D:3      | Reached XP level 5. HP: 38/38 MP: 10/10
  2263 | D:4      | Found a broken altar of Ashenzari.
  2337 | D:4      | Got a transparent hand axe
  2338 | D:4      | Identified the +8 hand axe "Fuirch" {venom, +Blink Str+3
                  | Dex+4} (You found it on level 4 of the Dungeon)
  2582 | D:4      | Found a runed translucent door.
  2586 | D:4      | Noticed Wiggles's ghost (amateur MiBe)
  2951 | D:4      | Found a runed translucent door.
  3233 | D:5      | Entered Level 5 of the Dungeon
  3446 | D:5      | Found a bloodstained altar of Trog.
  3446 | D:5      | Found a sacrificial altar of Ru.
  3506 | D:5      | Found a bloodstained altar of Trog.
  3539 | D:5      | Reached skill level 1 in Evocations
  3601 | D:5      | Reached skill level 6 in Ice Magic
  3601 | D:5      | Reached XP level 6. HP: 42/45 MP: 12/12
  3638 | D:5      | Found a snail-covered altar of Cheibriados.
  3863 | D:5      | Found a shadowy altar of Dithmenos.
  4218 | D:5      | Found a sparkling altar of Nemelex Xobeh.
  4221 | D:5      | Found a radiant altar of Vehumet.
  4224 | D:5      | Found an ancient bone altar of Kikubaaqudgha.
  4258 | D:5      | Became a worshipper of Nemelex Xobeh the Trickster
  4580 | D:6      | Reached skill level 1 in Shields
  4580 | D:6      | Your scales start taking on a dull iron-grey colour.
  4580 | D:6      | Reached XP level 7. HP: 41/50 MP: 13/13
  4580 | D:6      | Gained mutation: You can survive without breathing. [Grey
                  | Draconian growth]
  4895 | D:6      | Reached skill level 7 in Ice Magic
  5288 | D:7      | Reached XP level 8. HP: 57/57 MP: 15/15
  5303 | D:7      | Reached skill level 5 in Spellcasting
  5306 | D:7      | Noticed a hornet
  5320 | D:7      | Paralysed by a hornet for 2 turns
  5326 | D:7      | Killed a hornet
  5326 | D:7      | Reached skill level 8 in Ice Magic
  5650 | D:7      | Found a glowing golden altar of the Shining One.
  6145 | D:7      | Reached * piety under Nemelex Xobeh
  6263 | D:7      | Found a staircase to the Ecumenical Temple.
  6342 | D:7      | Found a burning altar of Makhleb.
  6380 | D:7      | Reached XP level 9. HP: 59/62 MP: 17/17
  6431 | D:7      | Reached skill level 9 in Ice Magic
  6530 | D:7      | Found a runed translucent door.
  6530 | D:7      | Received a gift from Nemelex Xobeh
  6531 | D:7      | Noticed Crazy Yiuf
  6768 | D:7      | Killed Crazy Yiuf
  6935 | D:8      | Noticed a two-headed ogre
  6956 | D:8      | Killed a two-headed ogre
  6956 | D:8      | Reached skill level 5 in Evocations
  7025 | D:8      | Reached skill level 10 in Ice Magic
  7389 | D:8      | HP: 1/62 [electric eel/bolt of electricity (10)]
  7389 | D:8      | Killed from afar by an electric eel

Illustrated notes

Levels and vault maps discovered:
D:1:      zelgadis_glass_arrival_small, layout_loops_cross
D:2:      minmay_chambers_of_ones, layout_loops_ring
D:3:      layout_basic, minmay_rat_hole
D:4:      layout_loops_corners, evilmike_ruin_ashenzari, ebering_ghost_sewer_f
D:5:      layout_loops_ring, cheibriados_altar_1, lemuel_doored_altar,
          amethyst_overflow_temple_binary, grunt_temple_overflow_diamond,
          st_stairs_4, trog_three_pillars_becter
D:6:      layout_basic, minivault_1
D:7:      layout_rooms, nicolae_tso_besieged_by_evil, bloody_makhleb,
          temple_fountains, uniq_crazy_yiuf_cottage
D:8:      layout_loops_cross, lair_entry_dummy, serial_shops,
          nicolae_shop_behind_doors, disabler_island

Skill      XL: |  1  2  3  4  5  6  7  8  9 |
---------------+----------------------------+-----
Spellcasting   | 3 4 5 6 |  6.7
Ice Magic      | 5 6 7 8 10 | 10.3
Evocations     | 1 2 3 4 5 |  5.7
Shields        | 1 3 4 |  4.0
Dodging        | |  1.8
Stealth        | |  1.8

Action                   |  1- 3 |  4- 6 |  7- 9 || total
-------------------------+-------+-------+-------++-------
Melee: Unarmed           |     3 |     1 |       ||     4
       Hand axe          |       |     9 |    65 ||    74
       Tailslap          |       |       |    10 ||    10
 Cast: Freeze            |    47 |    66 |    54 ||   167
       Frozen Ramparts   |     1 |    33 |    37 ||    71
Invok: Draw Destruction  |       |       |     1 ||     1
 Abil: Evoke Blink       |       |     1 |       ||     1
  Use: Scroll            |       |    13 |     1 ||    14
 Stab: Sleeping          |       |     1 |       ||     1
Armor: Skin              |    11 |    26 |    52 ||    89
Dodge: Dodged            |    32 |    40 |    93 ||   165
Block: Buckler           |       |     5 |    28 ||    33

Table legend: (Time is in decaauts)
 A = Elapsed time spent in this place.
 B = Non-inter-level travel time spent in this place.
 C = Inter-level travel time spent in this place.
 D = Time resting spent in this place.
 E = Time spent auto-exploring this place.
 F = Levels seen in this place.
 G = Mean time per level.
                   A        B        C        D        E       F      G
               +--------+--------+--------+--------+--------+-----+--------+
         Total |   7413 |   7146 |    267 |    672 |   4417 |   8 |  926.6 |
       Dungeon |   7413 |   7146 |    267 |    672 |   4417 |   8 |  926.6 |
               +--------+--------+--------+--------+--------+-----+--------+

Top non-repeatable levels by time:
     D:6: 1450 daAuts
     D:5: 1144 daAuts
     D:2: 1033 daAuts
     D:7: 1025 daAuts
     D:4: 985 daAuts
     D:1: 771 daAuts
     D:8: 561 daAuts
     D:3: 442 daAuts
